 Dungeon Crawl Stone Soup version 0.29.0-15-g675c0067aa (webtiles) character file.

Game seed: 15899393779803567281

963 qw the Chopper (level 8, -4/48 HPs)
             Began as a Gargoyle Delver on Sept 11, 2022.
             Killed by nerve-wracking pain
             ... invoked by an orc priest
              (7 damage)
             ... on level 6 of the Dungeon.
             The game lasted 00:02:07 (7081 turns).

qw the Chopper (Gargoyle Delver)                    Turns: 7081, Time: 00:02:08

Health: -4/48      AC: 18    Str: 17    XL:     8   Next: 15%
Magic:  8/8        EV:  7    Int: 12    God:
Gold:   354        SH:  4    Dex: 11    Spells: 7/7 levels left

rFire   . . .      SeeInvis .   Y - +0 war axe (freeze)
rCold   + . .      Faith    .   d - +0 buckler
rNeg    + . .      Spirit   .   q - +0 chain mail
rPois   inf        Reflect  .   (no helmet)
rElec   +          Harm     .   (no cloak)
rCorr   .          Rampage  .   k - +0 pair of gloves
Will    .....                   c - +1 pair of boots
Stlth   ..........              (no amulet)
HPRegen 0.16/turn               e - ring of protection from cold
MPRegen 0.11/turn               (no ring)

@: about to teleport
A: sickness immunity, AC +5, negative energy resistance 1, electricity
resistance, torment resistance 1, petrification resistance
a: no special abilities


You were on level 6 of the Dungeon.
You visited 1 branch of the dungeon, and saw 6 of its levels.

You collected 354 gold pieces.


Innate Abilities, Weirdness & Mutations

You are immune to sickness and miasma.
Your stone body is resilient. (AC +5)
You are immune to poison.
You resist negative energy. (rN+)
You are resistant to electric shocks. (rElec)
You are resistant to unholy torment.
You are immune to petrification.


   Skills:
 + Level 4.0 Fighting
 - Level 7.0 Axes
 - Level 3.2 Armour
 - Level 1.5 Dodging
 - Level 5.4 Stealth
 - Level 3.5 Shields


You had 7 spell levels left.
You didn't know any spells.
Your spell library was empty.

Inventory:

Hand Weapons
 i - a +0 flail
 Y - a +0 war axe of freezing (weapon)
Missiles
 l - 10 boomerangs (quivered)
Armour
 c - a +1 pair of boots (worn)
 d - a +0 buckler (worn)
 k - a +0 pair of gloves (worn)
 q - a +0 chain mail (worn)
Jewellery
 e - a ring of protection from cold (left hand)
Wands
 g - a wand of digging (3)
Scrolls
 a - 3 scrolls of teleportation
 j - a scroll of identify
Potions
 b - 4 potions of curing
 f - 2 potions of haste
 m - a potion of might {unknown}
 o - a potion of berserk rage {unknown}
 p - a potion of degeneration {unknown}
 s - a potion of lignification {unknown}

Dungeon Overview and Level Annotations

Branches:
Dungeon (6/15)
 Temple: D:4-7

Altars:
Ashenzari
Fedhas
Qazlal
Wu Jian
The Shining One

Shops:
D:1 [


Message History

You kill the orc!
You hit the orc. You freeze the orc.
You kill the orc!
The orc priest calls down the wrath of Beogh upon you.
Pain shoots through your body!
Things that are here:
the +1 dagger of Pehupawe {flame, rPois rF- Dex+10 SInv}; a +0 hand axe; an orc corpse You barely miss the orc priest.
The orc priest hits you with a +0 hand axe.
The orc priest hits you but does no damage.
You hit the orc priest. You freeze the orc priest.
The orc priest is lightly wounded.
The orc priest hits you but does no damage.
You hit the orc priest. You freeze the orc priest.
The orc priest is heavily wounded.
The orc priest hits you but does no damage.
You hit the orc priest. You freeze the orc priest.
The orc priest is almost dead.
The orc priest calls down the wrath of Beogh upon you.
Beogh smites you!
You barely miss the orc priest.
The orc priest is almost dead.
You hit the scorpion. You freeze the scorpion.
The orc priest hits you with a +0 hand axe.
The scorpion stings you but does no damage.
The orc priest calls down the wrath of Beogh upon you.
You struggle to resist.
You completely miss the orc priest.
The orc priest is almost dead.
You closely miss the scorpion. The scorpion barely misses you.
The orc priest mumbles some strange prayers to Beogh against you.
Beogh smites you!
7081 ||| READING 4 scrolls of teleportation.
As you read the scroll of teleportation, it crumbles to dust.
You feel strangely unstable.
The scorpion stings you but does no damage.
The orc priest mumbles some strange prayers to Beogh against you.
Pain shoots through your body!
You die...

..###############
####............#
####.##########.#
...........####.#
####............#
####.......####.#
%............##.###
####.......#.##...#
.......>...#....@o#
#.##.......####.#s#
#...........###.#.#
###..........##.#.#
#...............#.#
#.##..#####..####.#
.. #..# ....... .#
. #..##........ ..
. .(....##..####


You could see a scorpion and an orc priest.

Vanquished Creatures
  A black bear (D:6)
  An orc warrior (D:5)
  An ice beast (D:5)
  A bullfrog (D:6)
  3 scorpions
  A howler monkey (D:6)
  2 hounds
  3 jellies
  An orc priest (D:5)
  Jessica (D:2)
  An orc wizard (D:5)
  A gnoll (D:5)
  7 adders
  An ufetubus (D:6)
  5 dart slugs
  18 orcs
  2 ball pythons
  4 endoplasms
  5 giant cockroaches
  7 goblins
  6 hobgoblins
  5 jackals (D:1)
  6 kobolds
  3 quokkas
  4 bats
  A frilled lizard (D:3)
  6 rats
97 creatures vanquished.

Notes
Turn   | Place    | Note
-------+----------+-------------------------------------------
     0 | D:5      | qw the Gargoyle Delver began the quest for the Orb.
     0 | D:5      | Reached XP level 1. HP: 14/14 MP: 1/1
     0 | D:5      | 0 ||| qw: Version: 0.1-a-118-gb4e7ce6
     0 | D:5      | 0 ||| qw: Game counter: 10498
     0 | D:5      | 0 ||| qw: Always use a shield: true
     0 | D:5      | 0 ||| qw: God list: Okawaru
     0 | D:5      | 0 ||| qw: Allow faded altars: false
     0 | D:5      | 0 ||| qw: Do Orc after D:15 true
     0 | D:5      | 0 ||| qw: Do second Lair branch before Depths: true
     0 | D:5      | 0 ||| qw: Lair rune preference: random
     0 | D:5      | 0 ||| qw: Plans: Normal
     0 | D:5      | 0 ||| PLANNING D:1-11
     2 | D:5      | 2 ||| DROPPING scroll of fog.
     3 | D:5      | 3 ||| DROPPING scroll of magic mapping.
     4 | D:5      | 4 ||| DROPPING scroll of fear.
    32 | D:4      | 32 ||| Stepping ~*~*~tactically~*~*~ (stealth).
    34 | D:4      | 34 ||| Stepping ~*~*~tactically~*~*~ (stealth).
    36 | D:4      | 36 ||| Stepping ~*~*~tactically~*~*~ (stealth).
    40 | D:4      | Found a broken altar of Ashenzari.
    50 | D:4      | Saw a vision of the Shoals and the Spider Nest.
    50 | D:4      | Noticed a demonic crawler
    50 | D:4      | Noticed a redback
    50 | D:4      | Noticed a radroach
    50 | D:4      | Noticed a demonic crawler
    50 | D:4      | Noticed a wolf spider
    50 | D:4      | Noticed a moth of wrath
    50 | D:4      | Noticed a redback
    50 | D:4      | Noticed a water nymph
    50 | D:4      | Noticed a snapping turtle
    50 | D:4      | Noticed a merfolk
    50 | D:4      | Noticed a merfolk
    50 | D:4      | Noticed a snapping turtle
    50 | D:4      | Noticed an emperor scorpion
    51 | D:4      | Noticed a boulder beetle
    51 | D:4      | Noticed a culicivora
    51 | D:4      | Noticed a water elemental
    51 | D:4      | Noticed a manticore
    52 | D:4      | Noticed a steelbarb worm
    53 | D:4      | Noticed a boulder beetle
    57 | D:4      | Noticed a jumping spider
    58 | D:4      | Noticed an emperor scorpion
    65 | D:4      | Reached skill level 2 in Axes
   259 | D:4      | Reached XP level 2. HP: 15/19 MP: 2/2
   318 | D:4      | 318 ||| Stepping ~*~*~tactically~*~*~ (stealth).
   331 | D:4      | Reached skill level 3 in Axes
   331 | D:4      | Reached XP level 3. HP: 14/23 MP: 3/3
   658 | D:3      | 658 ||| Stepping ~*~*~tactically~*~*~ (stealth).
   692 | D:3      | 692 ||| Stepping ~*~*~tactically~*~*~ (stealth).
   694 | D:3      | 694 ||| Stepping ~*~*~tactically~*~*~ (stealth).
   701 | D:3      | 701 ||| Stepping ~*~*~tactically~*~*~ (stealth).
   768 | D:3      | 768 ||| DROPPING +0 whip.
   944 | D:3      | 944 ||| Stepping ~*~*~tactically~*~*~ (hiding).
  1046 | D:3      | 1046 ||| Stepping ~*~*~tactically~*~*~ (hiding).
  1148 | D:3      | 1148 ||| Stepping ~*~*~tactically~*~*~ (hiding).
  1250 | D:3      | 1250 ||| Stepping ~*~*~tactically~*~*~ (hiding).
  1352 | D:3      | 1352 ||| Stepping ~*~*~tactically~*~*~ (hiding).
  1454 | D:3      | 1454 ||| Stepping ~*~*~tactically~*~*~ (hiding).
  1556 | D:3      | 1556 ||| Stepping ~*~*~tactically~*~*~ (hiding).
  1658 | D:3      | 1658 ||| Stepping ~*~*~tactically~*~*~ (hiding).
  1760 | D:3      | 1760 ||| Stepping ~*~*~tactically~*~*~ (hiding).
  1862 | D:3      | 1862 ||| Stepping ~*~*~tactically~*~*~ (hiding).
  1964 | D:3      | 1964 ||| Stepping ~*~*~tactically~*~*~ (hiding).
  2205 | D:3      | Reached XP level 4. HP: 28/28 MP: 4/4
  2265 | D:3      | 2265 ||| UPGRADING to +0 troll leather armour.
  2275 | D:3      | 2275 ||| DROPPING +0 leather armour.
  2276 | D:3      | 2276 ||| READING 2 scrolls labelled NESUITA KIVINA.
  2334 | D:3      | 2334 ||| FLEEEEING.
  2335 | D:3      | 2335 ||| STAIRDANCE
  2373 | D:2      | Noticed Jessica
  2375 | D:2      | 2375 ||| Stepping ~*~*~tactically~*~*~ (hiding).
  2453 | D:2      | 2453 ||| Stepping ~*~*~tactically~*~*~ (stealth).
  2460 | D:2      | Killed Jessica
  2461 | D:2      | Reached skill level 4 in Axes
  2522 | D:2      | 2522 ||| Stepping ~*~*~tactically~*~*~ (stealth).
  2524 | D:2      | 2524 ||| Stepping ~*~*~tactically~*~*~ (stealth).
  2618 | D:2      | 2618 ||| UPGRADING to +1 pair of boots.
  2623 | D:2      | 2623 ||| READING scroll labelled QADUTI LUNAOSTUN.
  2627 | D:2      | 2627 ||| Stepping ~*~*~tactically~*~*~ (stealth).
  2629 | D:2      | 2629 ||| Stepping ~*~*~tactically~*~*~ (stealth).
  2630 | D:2      | 2630 ||| Stepping ~*~*~tactically~*~*~ (stealth).
  2904 | D:1      | 2904 ||| Stepping ~*~*~tactically~*~*~ (stealth).
  2910 | D:1      | Reached skill level 1 in Armour
  2919 | D:1      | Reached XP level 5. HP: 30/32 MP: 5/5
  3037 | D:1      | 3037 ||| SWAPPING to +0 war axe.
  3040 | D:1      | 3040 ||| DROPPING +0 hand axe.
  3103 | D:1      | Found a faded altar of an unknown god.
  3198 | D:1      | Found Inauteog's Antique Armour Boutique.
  3210 | D:1      | 3210 ||| SHOPLISTING +3 warlock's mirror {reflect} (680
                  | gold, have 71).
  3210 | D:1      | 3210 ||| SHOPLISTING chain mail (76 gold, have 71).
  3210 | D:1      | 3210 ||| SHOPLISTING glowing chain mail (127 gold, have
                  | 71).
  3210 | D:1      | 3210 ||| SHOPLISTING glowing leather armour (85 gold, have
                  | 71).
  3210 | D:1      | 3210 ||| SHOPLISTING kite shield (76 gold, have 71).
  3210 | D:1      | 3210 ||| SHOPLISTING pair of transparent boots (161 gold,
                  | have 71).
  3210 | D:1      | 3210 ||| SHOPLISTING shiny ring mail (119 gold, have 71).
  3409 | D:1      | 3409 ||| UPGRADING to +0 pair of gloves.
  3414 | D:1      | 3414 ||| READING scroll labelled BEAKAS GUOQA.
  3415 | D:1      | 3415 ||| READING scroll labelled WAIDIC POECI.
  3422 | D:1      | 3422 ||| READING 2 scrolls of identify.
  3422 | D:1      | 3422 ||| IDENTIFYING viscous golden potion
  3879 | D:2      | 3879 ||| UPGRADING to +0 scale mail.
  3889 | D:2      | 3889 ||| DROPPING +0 troll leather armour.
  3890 | D:2      | 3890 ||| DRINKING 2 bubbling purple potions.
  3891 | D:2      | 3891 ||| READING 2 scrolls of identify.
  3891 | D:2      | 3891 ||| IDENTIFYING viscous puce potion
  3892 | D:2      | 3892 ||| DROPPING potion of magic.
  3893 | D:2      | 3893 ||| DROPPING potion of flight.
  3919 | D:3      | 3919 ||| STAIRDANCE
  3944 | D:3      | 3944 ||| STAIRDANCE
  4194 | D:3      | Identified the +4 quarterstaff of Datat {freeze, rC+ Int+3}
  4562 | D:3      | 4562 ||| UPGRADING to +0 buckler.
  4567 | D:3      | 4567 ||| UPGRADING to +0 chain mail.
  4577 | D:3      | 4577 ||| DROPPING +0 scale mail.
  4578 | D:3      | 4578 ||| READING scroll labelled KODOUBEQUSM.
  4579 | D:3      | 4579 ||| READING scroll labelled OFOBIU OMUO.
  4818 | D:4      | 4818 ||| Stepping ~*~*~tactically~*~*~ (stealth).
  4822 | D:4      | 4822 ||| Stepping ~*~*~tactically~*~*~ (stealth).
  4838 | D:4      | Reached skill level 1 in Shields
  5177 | D:4      | 5177 ||| UPGRADING to ring of protection from cold.
  5178 | D:4      | 5178 ||| READING scroll labelled TEKKURCHOETZ.
  5179 | D:4      | 5179 ||| READING scroll labelled SUTZEL KUNA.
  5180 | D:4      | 5180 ||| READING 2 scrolls of identify.
  5180 | D:4      | 5180 ||| IDENTIFYING amethyst potion
  5181 | D:4      | 5181 ||| DROPPING potion of invisibility.
  5247 | D:5      | Reached XP level 6. HP: 32/37 MP: 6/6
  5309 | D:5      | You fall into a shaft and drop 1 floor!
  5332 | D:6      | 5332 ||| Stepping ~*~*~tactically~*~*~ (stealth).
  5404 | D:6      | Found a blossoming altar of Fedhas.
  5404 | D:6      | Found an ornate altar of the Wu Jian Council.
  5433 | D:6      | Noticed a black bear
  5447 | D:6      | Killed a black bear
  5448 | D:6      | Reached skill level 5 in Axes
  5583 | D:6      | 5583 ||| READING scroll labelled ERAMEF IQAE.
  5624 | D:5      | Reached skill level 3 in Armour
  5675 | D:5      | 5675 ||| Stepping ~*~*~tactically~*~*~ (stealth).
  5677 | D:5      | 5677 ||| Stepping ~*~*~tactically~*~*~ (hiding).
  5687 | D:5      | Reached XP level 7. HP: 42/42 MP: 7/7
  5694 | D:5      | 5694 ||| DRINKING 5 potions of curing.
  5694 | D:5      | 5694 ||| (to cure confusion)
  5772 | D:5      | 5772 ||| Stepping ~*~*~tactically~*~*~ (stealth).
  5789 | D:5      | HP: 10/43 [orc warrior/+0 war axe (3)]
  5790 | D:5      | 5790 ||| READING 4 scrolls of teleportation.
  5792 | D:5      | HP: 4/43 [orc warrior/+0 war axe (6)]
  6241 | D:5      | 6241 ||| Stepping ~*~*~tactically~*~*~ (stealth).
  6242 | D:5      | 6242 ||| Stepping ~*~*~tactically~*~*~ (stealth).
  6246 | D:5      | Found a stormy altar of Qazlal.
  6248 | D:5      | Found a glowing golden altar of the Shining One.
  6281 | D:5      | Reached skill level 6 in Axes
  6435 | D:5      | Reached skill level 3 in Shields
  6616 | D:5      | 6616 ||| DROPPING +2 mace of protection.
  6749 | D:5      | 6749 ||| DROPPING amulet of faith.
  6750 | D:5      | 6750 ||| READING scroll labelled YRAUFU CARILET.
  6851 | D:5      | 6851 ||| READING scroll labelled BOVOBRURHE.
  6910 | D:6      | Reached XP level 8. HP: 34/48 MP: 8/8
  6913 | D:6      | 6913 ||| FLEEEEING.
  6914 | D:6      | 6914 ||| FLEEEEING.
  6915 | D:6      | 6915 ||| STAIRDANCE
  7003 | D:6      | Reached skill level 7 in Axes
  7057 | D:6      | Identified the +1 dagger of Pehupawe {flame, rPois rF-
                  | Dex+10 SInv}
  7058 | D:6      | 7058 ||| Stepping ~*~*~tactically~*~*~ (hiding).
  7080 | D:6      | HP: 2/48 [orc priest/divine providence (14)]
  7081 | D:6      | 7081 ||| READING 4 scrolls of teleportation.
  7081 | D:6      | Killed from afar by an orc priest

Levels and vault maps discovered:
D:1:      dpeg_arrival_stone_temple_mockup, layout_basic,
          hellmonk_ecumenical_altar_arch_garden, serial_shops, shop
D:2:      minmay_inner_zag, layout_rooms, uniq_crazy_yiuf_cottage, uniq_jessica
D:3:      layout_loops_corners
D:4:      layout_loops_cross, grunt_ashenzari_visionary
          [grunt_ashenzari_visionary_shoals, grunt_ashenzari_visionary_spider]
D:5:      layout_loops_ring, jmf_multi_god_temple, guppyfry_early_orc_mine
D:6:      layout_loops_ring, gammafunk_temple_overflow_elements, temple_pool_b

Skill      XL: |  1  2  3  4  5  6  7  8 |
---------------+-------------------------+-----
Axes           | 2 3 4 5 6 7 |  7.0
Armour         | 1 2 3 |  3.2
Shields        | 1 2 3 |  3.5
Fighting       | 4 |  4.0
Dodging        | |  1.5
Stealth        | |  5.4

Action                   |  1- 3 |  4- 6 |  7- 9 || total
-------------------------+-------+-------+-------++-------
Melee: Hand axe          |    72 |    69 |       ||   141
       Punch             |     2 |     1 |       ||     3
       War axe           |       |    94 |    83 ||   177
Throw: Boomerang         |       |    57 |    20 ||    77
  Use: Scroll            |       |    12 |     4 ||    16
       Potion            |       |     1 |     1 ||     2
 Stab: Sleeping          |       |     3 |       ||     3
Armor: Leather armour    |    25 |     1 |       ||    26
       Troll leather arm |       |    35 |       ||    35
       Chain mail        |       |    59 |    60 ||   119
       Scale mail        |       |    16 |       ||    16
Dodge: Dodged            |    33 |    84 |    25 ||   142
Block: Buckler           |       |     7 |    16 ||    23

Table legend:
 A = Non-vault XP
 B = Vault XP
 C = Vault XP percentage of total XP
 D = Non-vault monster count
 E = Vault monster count
 F = Vault count percentage of total count
                 A         B        C        D         E       F
            +---------+---------+-------+---------+---------+-------
      Total |    1048 |     328 |  23.8 |      81 |      16 |  16.5
            +---------+---------+-------+---------+---------+-------
        D:1 |      31 |       0 |   0.0 |      16 |       0 |   0.0
        D:2 |      33 |      48 |  59.3 |      11 |       7 |  38.9
        D:3 |      72 |       0 |   0.0 |      25 |       0 |   0.0
        D:4 |      70 |       0 |   0.0 |      12 |       0 |   0.0
        D:5 |     252 |     280 |  52.6 |       5 |       9 |  64.3
        D:6 |     590 |       0 |   0.0 |      12 |       0 |   0.0
            +---------+---------+-------+---------+---------+-------
